 Dungeon Crawl Stone Soup version 0.28-a0-1182-g381e24db82 (webtiles) character file.

Game seed: 5099698604790028747

16 fragbeetle the Ruffian (level 2, -3/23 HPs)
             Began as a Draconian Transmuter on Dec 17, 2021.
             Slain by a gnoll (12 damage)
             ... on level 1 of the Dungeon.
             The game lasted 00:01:06 (587 turns).

fragbeetle the Ruffian (Draconian Transmuter)        Turns: 587, Time: 00:01:07

Health: -3/23      AC:  4    Str: 12    XL:     2   Next: 41%
Magic:  4/5        EV: 12    Int: 13    God:
Gold:   91         SH:  0    Dex: 11    Spells: 4/5 levels left

rFire   . . .      SeeInvis .     - Unarmed
rCold   . . .      Faith    .   (no shield)
rNeg    . . .      Spirit   .   (armour unavailable)
rPois   .          Reflect  .   (helmet currently unavailable)
rElec   .          Harm     .   (no cloak)
rCorr   +          Rampage  .   (no gloves)
Will    .....                   (boots currently unavailable)
Stlth   +.........              (no amulet)
HPRegen 0.07/turn               b - ring of resist corrosion
MPRegen 0.09/turn               (no ring)

@: appendages (expiring)
A: horns 2, talons 2, AC +4, unfitting armour, cold-blooded
a: End Transformation


You were on level 1 of the Dungeon.
You had temporarily grown beastly horns and talons.
You visited 1 branch of the dungeon, and saw 1 of its levels.

You collected 91 gold pieces.

Inventory:

Jewellery
 b - a ring of resist corrosion (left hand)
Scrolls
 a - a scroll of identify {unknown}


   Skills:
 - Level 1.1 Fighting
 - Level 1.7 Dodging
 + Level 3.4 Unarmed Combat
 - Level 2.0 Spellcasting
 + Level 2.5 Transmutations


You had 4 spell levels left.
You knew the following spells:

 Your Spells              Type           Power      Damage    Failure   Level
a - Beastly Appendage     Tmut           16%        N/A       9%          1

Your spell library contained the following spells:

 Spells                   Type           Power      Damage    Failure   Level
 Wereblood                Tmut           8%         N/A       13%         2
 Spider Form              Tmut/Pois      4%         N/A       41%         3
 Ice Form                 Ice/Tmut       4%         N/A       83%         4


Dungeon Overview and Level Annotations

Branches:
Dungeon (1/15)

Altars:


Innate Abilities, Weirdness & Mutations

You have temporarily grown beastly horns and talons.
Your plain brown scales are hard. (AC +4)
You cannot fit into any form of body armour.
You are cold-blooded and may be slowed by cold attacks.


Message History

Your horns disappear.
Your talons disappear.
The frilled lizard misses you.
You hit the frilled lizard.
You kill the frilled lizard!
You see here a frilled lizard corpse.
There is an escape hatch in the floor here.
Found 10 gold pieces.
You now have 63 gold pieces (gained 15).
There is an escape hatch in the floor here.
You now have 73 gold pieces (gained 10).
Found a twisted wooden ring.
b - a ring of resist corrosion
b - a ring of resist corrosion (left hand) As you open the door, it creaks loudly!
Found a stone staircase leading down.
There is an open door here.
You now have 91 gold pieces (gained 18).
A gnoll comes into view. It is wielding a +0 flail.
The gnoll shouts!
A gnoll comes into view. It is wielding a +0 spear.
You grow a pair of large bovine horns.
Your feet morph into talons.
The gnoll shouts!
You hit the gnoll but do no damage.
A kobold comes into view. It is wielding a +0 short sword.
The gnoll closely misses you.
You hit the gnoll but do no damage.
Your transformation is almost over.
The gnoll hits you from afar with a +0 spear.
The gnoll barely misses you.
You hit the gnoll.
You headbutt the gnoll, but do no damage.
Your tail-slap misses the gnoll.
The gnoll is lightly wounded.
The gnoll barely misses you.
The gnoll hits you from afar with a +0 spear!
You hit the gnoll.
The gnoll is moderately wounded.
The gnoll hits you with a +0 flail!
Ouch! That really hurt!
You die...

###
############.....
#........@gg.K..#
#.##########.....
#.# ... #.# #
####.#########
#............#
#.......####.#
#+## #.......##
#.###...##
#........#
#.##.....##


You could see 2 gnolls and a kobold.

Vanquished Creatures
  A bat (D:1)
  2 endoplasms (D:1)
  3 goblins (D:1)
  2 kobolds (D:1)
  2 quokkas (D:1)
  A ball python (D:1)
  3 frilled lizards (D:1)
14 creatures vanquished.

Notes
Turn   | Place    | Note
-------+----------+-------------------------------------------
     0 | D:1      | fragbeetle the Draconian Transmuter began the quest for the
                  | Orb.
     0 | D:1      | Reached XP level 1. HP: 16/16 MP: 3/3
   274 | D:1      | Reached XP level 2. HP: 23/23 MP: 3/5
   414 | D:1      | Found a faded altar of an unknown god.
   587 | D:1      | Slain by a gnoll

Illustrated notes

Levels and vault maps discovered:
D:1:      noname_arrival_rooms_in_the_neighbourhood, layout_loops_corners,
          hellmonk_ecumenical_altar_zigzags, chequers_mini_garden

Action                   || total
-------------------------++-------
Melee: Unarmed           ||    32
       Kick              ||     5
       Tailslap          ||     1
       Headbutt          ||     2
 Cast: Beastly Appendage ||    13
Armor: Skin              ||    13
Dodge: Dodged            ||    17

Table legend: (Time is in decaauts)
 A = Elapsed time spent in this place.
 B = Non-inter-level travel time spent in this place.
 C = Inter-level travel time spent in this place.
 D = Time resting spent in this place.
 E = Time spent auto-exploring this place.
 F = Levels seen in this place.
 G = Mean time per level.
                   A        B        C        D        E       F      G
               +--------+--------+--------+--------+--------+-----+--------+
         Total |    584 |    584 |      0 |      0 |    435 |   1 |  584.0 |
       Dungeon |    584 |    584 |      0 |      0 |    435 |   1 |  584.0 |
               +--------+--------+--------+--------+--------+-----+--------+

Top non-repeatable levels by time:
     D:1: 584 daAuts
